 Dungeon Crawl Stone Soup version 0.28-a0-653-g7e9dba17c3 (webtiles) character file.

Game seed: 4865729342923793145

65 Ijustatesigmund the Vexing (level 4, 0/32 HPs)
             Began as a Gnoll Wanderer on Oct 12, 2021.
             Slain by a gnoll (12 damage)
             ... on level 1 of the Dungeon.
             The game lasted 00:06:06 (3357 turns).

Ijustatesigmund the Vexing (Gnoll Wanderer)         Turns: 3357, Time: 00:06:06

Health: 0/32       AC:  2    Str: 13    XL:     4   Next: 13%
Magic:  7/11       EV: 11    Int: 10    God:
Gold:   85         SH:  0    Dex: 12    Spells: 10/13 levels left

rFire   . . .      SeeInvis .   a - +2 dagger
rCold   . . .      Faith    .   (no shield)
rNeg    . . .      Spirit   .   d - +0 robe
rPois   .          Reflect  .   (no helmet)
rElec   .          Harm     .   (no cloak)
rCorr   .          Rampage  .   (no gloves)
Will    .....                   (no boots)
Stlth   ++........              (no amulet)
HPRegen 0.10/turn               (no ring)
MPRegen 0.12/turn               (no ring)

@: no status effects
A: fangs 1, strong nose, distributed training
a: no special abilities


You were on level 1 of the Dungeon.
You visited 1 branch of the dungeon, and saw 2 of its levels.

You collected 85 gold pieces.

Inventory:

Hand Weapons
 a - a +2 dagger (weapon)
 h - a +2 short sword of distortion
Missiles
 b - 4 curare-tipped darts (quivered)
Armour
 d - a +0 robe (worn)
 i - a +0 plate armour
Potions
 c - a potion of curing
 e - a potion of brilliance
 g - 2 potions of heal wounds


   Skills:
 + Level 1.0 Fighting
 + Level 1.0 Short Blades
 + Level 1.0 Long Blades
 + Level 4.6 Axes
 + Level 1.0 Maces & Flails
 + Level 1.0 Polearms
 + Level 1.0 Staves
 + Level 1.0 Slings
 + Level 1.0 Bows
 + Level 1.0 Crossbows
 + Level 2.7 Throwing
 + Level 2.7 Armour
 + Level 1.0 Dodging
 + Level 2.5 Stealth
 + Level 1.0 Shields
 + Level 1.0 Unarmed Combat
 + Level 5.0 Spellcasting
 + Level 0.8 Conjurations
 + Level 5.4 Hexes
 + Level 0.8 Summonings
 + Level 0.8 Necromancy
 + Level 0.8 Translocations
 + Level 0.8 Transmutations
 + Level 0.8 Fire Magic
 + Level 0.8 Ice Magic
 + Level 0.8 Air Magic
 + Level 0.8 Earth Magic
 + Level 0.8 Poison Magic
 + Level 1.1 Invocations
 + Level 1.0 Evocations


You had 10 spell levels left.
You knew the following spells:

 Your Spells              Type           Power      Damage    Failure   Level
a - Magic Dart            Conj           16%        1d3       16%         1
b - Ensorcelled Hibernat  Hex/Ice        16%        N/A       10%         2

Your spell library contained the following spells:

 Spells                   Type           Power      Damage    Failure   Level
 Mephitic Cloud           Conj/Pois/Air  4%         N/A       43%         3
 Spider Form              Tmut/Pois      2%         N/A       43%         3


Dungeon Overview and Level Annotations

Branches:
Dungeon (2/15)

Altars:


Innate Abilities, Weirdness & Mutations

You have very sharp teeth.
Your uncanny sense of smell can sniff out nearby items.
Your experience applies equally to all skills.


Message History

Casting: Magic Dart (safe; 16% risk of failure)
Confirm with . or Enter, or press ? or * to list all spells.
You can't see any susceptible monsters within range! (Use Z to cast anyway.)
Casting: Magic Dart (safe; 16% risk of failure)
Confirm with . or Enter, or press ? or * to list all spells.
You can't see any susceptible monsters within range! (Use Z to cast anyway.)
Casting: Magic Dart (safe; 16% risk of failure)
Confirm with . or Enter, or press ? or * to list all spells.
You can't see any susceptible monsters within range! (Use Z to cast anyway.)
You start resting.
Magic restored.
You start resting.
HP restored.
You climb downwards.
The gnoll hits you from afar with a +0 halberd.
There is a stone staircase leading up here.
The gnoll hits you with a +0 halberd!
There is a stone staircase leading up here.
The gnoll shouts!
The gnoll hits you with a +0 halberd. The gnoll closely misses you.
You climb upwards.
There is a stone staircase leading down here.
The gnoll misses you. The gnoll closely misses you.
There is an open door here.
Casting: Magic Dart (safe; 16% risk of failure)
Confirm with . or Enter, or press ? or * to list all spells.
Aiming: Ensorcelled Hibernation (safe; 10% risk of failure)
Press: ? - help, Shift-Dir - straight line, f - gnoll
Aim: a gnoll, wielding a +0 club (chance to affect: 49%)
The gnoll resists with some effort.
The gnoll closely misses you. The gnoll hits you with a +0 club.
Casting: Ensorcelled Hibernation (safe; 10% risk of failure)
Confirm with . or Enter, or press ? or * to list all spells.
Aiming: Ensorcelled Hibernation (safe; 10% risk of failure)
Press: ? - help, Shift-Dir - straight line, f/p - gnoll
Aim: a gnoll, wielding a +0 club (chance to affect: 49%)
The gnoll resists with some effort.
The gnoll hits you from afar with a +0 halberd!
You die...

....)...........# #.# #.#
..####.#######.## #.##########.#
### #.# #.# #............#
#.#######.# #.############
####........>## #.#
#...(.>.......###.#
#.########.##g.##.#
#)############g###########
###)##........'8@8+........#
.....#........#...#........#
###.##...⌠....##+##....⌠...#
#.###...................## #.#
######....<....###### #.###.#
###.......##)# #.....#
#.##########(# #######.###..#.#
#.# #.#
.######......#.###.###.#########


You could see 2 gnolls.

Vanquished Creatures
  3 dart slugs
  3 ball pythons
  2 bats (D:1)
  10 endoplasms
  3 giant cockroaches (D:1)
  5 goblins (D:1)
  4 hobgoblins
  4 jackals
  5 kobolds
  3 quokkas
  5 frilled lizards
  2 rats
49 creatures vanquished.

Vanquished Creatures (others)
  5 fungi (D:1)
  5 plants (D:1)
10 creatures vanquished.

Grand Total: 59 creatures vanquished

Notes
Turn   | Place    | Note
-------+----------+-------------------------------------------
     0 | D:1      | Ijustatesigmund the Gnoll Wanderer began the quest for the
                  | Orb.
     0 | D:1      | Ijustatesigmund set off with the following items: a +2
                  | dagger, 4 curare-tipped darts, a potion of curing, a +0
                  | robe; and the following spell memorised: Magic Dart; and
                  | the following spells available to memorise: Mephitic Cloud
     0 | D:1      | Reached XP level 1. HP: 13/13 MP: 6/6
   463 | D:1      | Reached XP level 2. HP: 16/19 MP: 1/7
  1311 | D:1      | Reached XP level 3. HP: 23/25 MP: 6/9
  1355 | D:1      | Reached skill level 5 in Spellcasting
  1709 | D:1      | Reached skill level 1 in Invocations
  1907 | D:1      | Found a faded altar of an unknown god.
  2418 | D:2      | Reached skill level 1 in Fighting
  2418 | D:2      | Reached skill level 1 in Short Blades
  2418 | D:2      | Reached skill level 1 in Long Blades
  2418 | D:2      | Reached skill level 1 in Maces & Flails
  2418 | D:2      | Reached skill level 1 in Polearms
  2418 | D:2      | Reached skill level 1 in Staves
  2418 | D:2      | Reached skill level 1 in Slings
  2418 | D:2      | Reached skill level 1 in Bows
  2418 | D:2      | Reached skill level 1 in Crossbows
  2418 | D:2      | Reached skill level 1 in Dodging
  2418 | D:2      | Reached skill level 1 in Shields
  2418 | D:2      | Reached skill level 1 in Unarmed Combat
  2418 | D:2      | Reached skill level 1 in Evocations
  2725 | D:2      | Reached XP level 4. HP: 18/32 MP: 2/11
  2896 | D:2      | Learned a level 2 spell: Ensorcelled Hibernation
  3357 | D:1      | Slain by a gnoll

Illustrated notes

Levels and vault maps discovered:
D:1:      giann_wishing_wells, layout_loops_ring,
          shapermc_ecumenical_altar_mp_urbaneastern
D:2:      layout_basic

Skill      XL: |  1  2  3 |
---------------+----------+-----
Spellcasting   | 5 |  5.0
Invocations    | 1 |  1.1
Fighting       | 1 |  1.0
Short Blades   | 1 |  1.0
Long Blades    | 1 |  1.0
Maces & Flails | 1 |  1.0
Polearms       | 1 |  1.0
Staves         | 1 |  1.0
Slings         | 1 |  1.0
Bows           | 1 |  1.0
Crossbows      | 1 |  1.0
Dodging        | 1 |  1.0
Shields        | 1 |  1.0
Unarmed Combat | 1 |  1.0
Evocations     | 1 |  1.0
Axes           | |  4.6
Throwing       | |  2.7
Armour         | |  2.7
Stealth        | |  2.5
Conjurations   | |  0.8
Hexes          | |  5.4
Summonings     | |  0.8
Necromancy     | |  0.8
Translocations | |  0.8
Transmutations | |  0.8
Fire Magic     | |  0.8
Ice Magic      | |  0.8
Air Magic      | |  0.8
Earth Magic    | |  0.8
Poison Magic   | |  0.8

Action                   |  1- 3 |  4- 6 || total
-------------------------+-------+-------++-------
Melee: Dagger            |   105 |     3 ||   108
       Bite              |     6 |       ||     6
 Cast: Magic Dart        |    73 |    14 ||    87
       Ensorcelled Hiber |       |     4 ||     4
  Use: Scroll            |     3 |     2 ||     5
 Stab: Sleeping          |     3 |     2 ||     5
Armor: Robe              |    22 |       ||    22
Dodge: Dodged            |    62 |     4 ||    66

Table legend: (Time is in decaauts)
 A = Elapsed time spent in this place.
 B = Non-inter-level travel time spent in this place.
 C = Inter-level travel time spent in this place.
 D = Time resting spent in this place.
 E = Time spent auto-exploring this place.
 F = Levels seen in this place.
 G = Mean time per level.
                   A        B        C        D        E       F      G
               +--------+--------+--------+--------+--------+-----+--------+
         Total |   3356 |   3335 |     21 |   1240 |   1643 |   2 | 1678.0 |
       Dungeon |   3356 |   3335 |     21 |   1240 |   1643 |   2 | 1678.0 |
               +--------+--------+--------+--------+--------+-----+--------+

Top non-repeatable levels by time:
     D:1: 2412 daAuts
     D:2: 943 daAuts
